Map: Year Zero LE

Players

Lambo - Winner!

  • Race: Zerg Zerg
  • League: Grandmaster
  • Spawn Location: 11:00

BratOK (Brat_OK)

  • Race: Terran Terran
  • Spawn Location: 1:00

VOD

Have the link to the VOD?

Description

Time

  • Played on: Feb. 10, 2019, 8:38 a.m.
  • Length: 9:52
Show
View Real Time Build Order
Export as new Build Order

Lambo Zerg - Winner!

Build Orders: Hatch First 

Get SALT Encoding   

  12  0:00  Drone  
  13  0:13  Overlord  
  13  0:18  Drone  
  14  0:33  Drone x2  
  16  0:53  Hatchery  
  16  0:54  Drone  
  16  0:57  Drone  
  16  1:00  Drone  
  18  1:11  Extractor  
  18  1:15  Spawning Pool  
  16  1:19  Drone  
  16  1:22  Drone  
  18  1:28  Drone  
  19  1:39  Drone  
  20  1:50  Overlord  
  20  2:02  Queen  
  20  2:05  Queen  
  24  2:10  Zergling x4  
  24  2:15  Metabolic Boost  
  26  2:17  Drone x2  
  26  2:22  Drone  
  29  2:26  Drone  
  30  2:35  Drone  
  31  2:39  Spore Crawler  
  31  2:40  Drone  
  32  2:52  Pneumatized Carapace, Hatchery  
  32  2:56  Drone  
  32  2:59  Overlord  
  32  3:02  Drone  
  33  3:06  Drone  
  33  3:12  Drone  
  35  3:15  Drone  
  35  3:17  Drone  
  35  3:19  Drone  
  38  3:20  Drone  
  38  3:21  Drone  
  38  3:23  Overlord  
  40  3:31  Drone  
  40  3:32  Queen, Drone  
  44  3:42  Drone  
  44  3:43  Drone  
  44  3:44  Queen  
  44  3:48  Drone x3  
  51  3:52  Evolution Chamber  
  51  3:55  Overlord  
  50  3:57  Zergling x2  
  51  4:04  Queen  
  51  4:06  Zergling x4  
  51  4:07  Overlord  
  55  4:13  Queen  
  57  4:17  Drone x3  
  57  4:19  Drone x2  
  57  4:24  Evolution Chamber  
  61  4:26  Zerg Ground Armor Level 1  
  61  4:30  Zergling x4  
  63  4:31  Drone  
  63  4:32  Drone  
  63  4:36  Zergling x2  
  63  4:37  Drone  
  67  4:40  Extractor  
  67  4:41  Queen  
  67  4:42  Extractor  
  67  4:43  Overlord  
  67  4:44  Drone  
  68  4:46  Drone  
  68  4:48  Drone  
  68  4:49  Drone  
  68  4:50  Drone  
  72  4:53  Drone  
  72  4:56  Zerg Melee Weapons Level 1  
  72  4:57  Overlord  
  73  5:00  Drone  
  73  5:06  Drone x3  
  77  5:08  Drone  
  77  5:10  Drone  
  77  5:12  Drone x3  
  82  5:18  Lair, Drone  
  82  5:20  Drone  
  82  5:21  Drone  
  85  5:22  Extractor  
  85  5:24  Extractor x2  
  85  5:25  Drone  
  85  5:28  Baneling Nest  
  82  5:29  Drone x3  
  82  5:33  Drone x5  
  90  5:43  Overlord  
  90  5:51  Overlord x2, Hatchery  
  90  5:52  Overlord  
  89  5:58  Overlord  
  89  6:02  Drone x9  
  98  6:09  Zergling x4  
  100  6:13  Zergling x4  
  100  6:15  Baneling x9  
  100  6:17  Centrifical Hooks  
  102  6:20  Queen  
  102  6:21  Hydralisk Den  
  102  6:23  Zergling x6  
  102  6:24  Zergling x2  
  108  6:25  Zergling x2  
  108  6:26  Zergling x2  
  108  6:27  Baneling  
  108  6:30  Overlord  
  108  6:31  Overlord  
  109  6:33  Zergling x2  
  109  6:34  Zergling x2  
  109  6:37  Zergling x4  
  109  6:38  Zergling x4  
  115  6:41  Zergling x2  
  115  6:43  Zerg Ground Armor Level 2  
  115  6:46  Zergling x4  
  118  6:53  Zergling x8  
  122  6:55  Grooved Spines  
  122  6:57  Zergling x2  
  122  6:59  Baneling x2  
  122  7:00  Zergling x6  
  126  7:01  Zergling x2  
  126  7:05  Overlord  
  126  7:06  Zergling x6  
  130  7:12  Zergling x4  
  127  7:19  Zergling x2  
  127  7:20  Zergling x6  
  128  7:24  Zerg Melee Weapons Level 2  
  128  7:26  Drone x3  
  128  7:28  Extractor, Infestation Pit  
  129  7:34  Zergling x2  
  128  7:38  Zergling x6  
  128  7:42  Zergling x2  
  128  7:46  Zergling x6  
  126  7:54  Hydralisk x4  
  126  7:57  Hydralisk x7  
  147  8:03  Hydralisk x2  
  151  8:06  Muscular Augments  
  151  8:08  Hydralisk x3  
  151  8:10  Hydralisk  
  157  8:19  Hydralisk, Hive  
  159  8:21  Overlord  
  159  8:22  Overlord  
  159  8:24  Overseer  
  159  8:25  Overlord  
  159  8:26  Drone  
  160  8:27  Overlord  
  160  8:32  Overlord  
  160  8:34  Overlord  
  160  8:36  Overlord  
  160  8:39  Overlord  
  160  8:40  Hydralisk x8  
  175  8:48  Hydralisk x2  
  175  8:49  Hydralisk x2  
  175  8:53  Zergling x6  
  175  8:54  Zergling x2  
  187  9:00  Hydralisk x4  
  190  9:03  Baneling x5  
  190  9:05  Baneling x5  
  190  9:12  Zergling x14  
  190  9:14  Baneling x3  
  197  9:19  Zergling x2  
  197  9:20  Zergling x2  
  197  9:23  Baneling x7  
  199  9:29  Zergling x4  
  200  9:33  Zergling x8  
Show
View Real Time Build Order
Export as new Build Order

BratOK Terran 

Build Orders: Hellion Opening, Reaper Expand 

Get SALT Encoding   

  12  0:00  SCV  
  13  0:13  SCV  
  14  0:17  Supply Depot  
  14  0:25  SCV  
  15  0:39  SCV  
  15  0:40  Barracks  
  16  0:44  Refinery  
  16  0:51  SCV  
  17  1:03  SCV  
  18  1:15  SCV  
  19  1:30  Reaper, Orbital Command  
  20  1:39  Command Center  
  20  1:47  Supply Depot  
  20  1:56  SCV  
  21  2:02  Marine  
  21  2:05  Factory  
  21  2:08  SCV  
  23  2:20  SCV  
  24  2:23  Barracks Reactor  
  24  2:32  SCV  
  25  2:44  SCV  
  25  2:48  Command Center  
  26  2:52  Orbital Command  
  26  2:56  SCV  
  27  3:04  Hellion x2  
  27  3:05  Barracks Tech Lab  
  31  3:13  SCV  
  31  3:19  SCV  
  33  3:25  Marine  
  33  3:26  Stimpack  
  34  3:30  Hellion x2  
  34  3:33  SCV x2  
  40  3:36  Supply Depot  
  40  3:43  Marine  
  40  3:45  SCV x2  
  43  3:53  Barracks  
  43  3:56  Hellion  
  43  3:57  Hellion  
  43  3:58  Barracks  
  43  4:01  SCV  
  48  4:03  Orbital Command  
  48  4:05  SCV  
  48  4:08  Marine  
  50  4:11  Refinery  
  50  4:13  SCV  
  51  4:18  Hellion  
  51  4:21  Hellion  
  55  4:26  Marine  
  55  4:28  Starport  
  55  4:29  SCV x2  
  59  4:38  SCV  
  59  4:41  SCV x2  
  61  4:45  Barracks  
  61  4:56  Engineering Bay, Factory Reactor  
  61  4:57  Engineering Bay, Barracks Reactor  
  61  4:58  Barracks  
  61  4:59  Supply Depot  
  61  5:00  Marine  
  61  5:02  SCV x2  
  64  5:07  Starport Reactor, Orbital Command  
  64  5:09  Refinery  
  64  5:10  Refinery  
  64  5:14  SCV x2  
  64  5:18  Supply Depot x2  
  66  5:25  Terran Infantry Weapons Level 1  
  66  5:26  Terran Infantry Armor Level 1, SCV x2  
  68  5:32  SCV  
  68  5:33  Combat Shield  
  69  5:38  SCV x2  
  71  5:44  Barracks Reactor, SCV  
  71  5:46  Medivac  
  71  5:47  Hellion x2  
  78  5:50  SCV x2  
  78  5:57  SCV, Supply Depot  
  81  6:00  Supply Depot  
  81  6:02  Barracks Reactor, SCV  
  81  6:03  Barracks Reactor, Medivac  
  84  6:06  SCV  
  84  6:07  Supply Depot  
  84  6:09  SCV  
  86  6:11  Marine x2  
  86  6:12  Marine x3  
  86  6:15  SCV  
  92  6:18  SCV  
  92  6:22  Medivac  
  92  6:23  SCV  
  92  6:25  Supply Depot  
  96  6:29  Widow Mine x2, Marine  
  96  6:30  Marine  
  102  6:33  Medivac  
  102  6:35  SCV x2  
  102  6:37  Supply Depot  
  106  6:44  Marine x7  
  113  6:47  Marine  
  113  6:48  Armory  
  113  6:53  Widow Mine x2, Supply Depot  
  118  6:55  SCV  
  118  6:56  SCV  
  120  7:02  Marine x5  
  100  7:27  Marine  
  100  7:28  Marine x6  
  90  7:37  Marine x2  
  90  7:43  Liberator, SCV  
  90  7:44  Liberator  
  92  7:45  Marine x2  
  92  7:46  Marine x5  
  92  7:48  SCV x2  
  101  7:55  SCV, Marine  
  103  8:00  SCV x2  
  103  8:02  Widow Mine  
  113  8:07  SCV  
  113  8:09  Marine x2  
  113  8:10  Marine x5  
  113  8:12  SCV  
  110  8:20  Widow Mine  
  110  8:21  SCV x2  
  110  8:24  Factory, SCV, Marine  
  110  8:25  Marine  
  117  8:27  Marine  
  117  8:29  Supply Depot  
  117  8:32  Marine x5  
  117  8:33  SCV  
  117  8:34  SCV  
  125  8:36  SCV  
  126  8:45  Marine x4  
  126  8:47  SCV x2  
  132  8:49  Widow Mine x2, Medivac x2  
  132  8:50  Marine  
  141  8:57  Marine x4  
  145  9:03  Marine  
  146  9:11  Barracks x2  
  146  9:12  Barracks, Supply Depot x2  
  146  9:15  Supply Depot  
  146  9:22  Marine  
  146  9:23  Marauder, Marine x3  
  146  9:33  Marine x4  
  135  9:42  Barracks  
  135  9:44  Barracks  
  135  9:45  Barracks  
Tags
 
Add a new tag
Caveats
  • Supply blocks, unpowered buildings, or Contaminate may cause inaccurate times.
  • Supply counts are checked every 10 seconds.